 Dungeon Crawl Stone Soup version 0.22-a0-358-g7563fe7 (webtiles) character file.

36 grindst0ne the Skirmisher (level 3, -1/30 HPs)
             Began as a Formicid Abyssal Knight on Apr 18, 2018.
             Was a Follower of Lugonu.
             Slain by a gnoll
             ... wielding a +0 halberd
              (13 damage)
             ... on level 1 of the Dungeon.
             The game lasted 00:01:20 (1132 turns).

grindst0ne the Skirmisher (Formicid Abyssal Knight) Turns: 1132, Time: 00:01:21

Health: -1/30      AC:  3    Str: 16    XL:     3   Next: 57%
Magic:  5/5        EV: 11    Int: 12    God:    Lugonu [*.....]
Gold:   24         SH:  0    Dex: 10    Spells: 2/2 levels left

rFire    . . .     SeeInvis +   a - +1 falchion
rCold    . . .     Gourm    .   (no shield)
rNeg     . . .     Faith    .   b - +0 leather armour
rPois    .         Spirit   .   (helmet unavailable)
rElec    .         Reflect  .   (no cloak)
rCorr    .         Harm     .   (no gloves)
MR       .....                  (no boots)
Stlth    +.........             (no amulet)
HPRegen  0.10/turn              (no ring)
MPRegen  0.09/turn              (no ring)

@: no status effects
A: permanent stasis, dig shafts and tunnels, four strong arms, antennae 3
a: Dig, Shaft Self, Depart the Abyss, Renounce Religion


You were on level 1 of the Dungeon.
You worshipped Lugonu.
Lugonu was aware of your devotion.
You were not hungry.

You visited 1 branch of the dungeon, and saw 2 of its levels.
You visited the Abyss 1 time.

You collected 24 gold pieces.

Inventory:

Hand Weapons
 a - a +1 falchion (weapon)
Armour
 b - a +0 leather armour (worn)
Scrolls
 d - a scroll of remove curse {unknown}
 e - 2 scrolls of identify {unknown}
 f - a scroll of amnesia {unknown}
 i - a scroll of enchant weapon {unknown}
 j - a scroll of immolation {unknown}
Potions
 g - 4 potions of curing {unknown}
Comestibles
 c - 2 rations
 h - 2 chunks of flesh


   Skills:
 + Level 3.8 Fighting
 + Level 2.6 Long Blades
 - Level 2.1 Armour
 - Level 0.8 Dodging
 + Level 3.0 Invocations


You had 2 spell levels left.
You didn't know any spells.

Dungeon Overview and Level Annotations

Branches:
Dungeon (2/15)

Altars:


Innate Abilities, Weirdness & Mutations

You cannot be hasted, slowed, berserked, paralysed or teleported.
You can dig through walls and to a lower floor.
Your four strong arms can wield two-handed weapons with a shield.
You have a pair of large antennae on your head. (SInv)


Message History

You closely miss the frilled lizard. The frilled lizard bites you.
You hit the frilled lizard.
You kill the frilled lizard!
Lugonu accepts your kill.
You see here a frilled lizard corpse.
You butcher the frilled lizard corpse.
h - 2 chunks of flesh (gained 1)
You see here a frilled lizard skeleton.
You sense a monster nearby.
Found a stone staircase leading down.
A gnoll comes into view. It is wielding a halberd.
The gnoll shouts!
The gnoll barely misses you. The gnoll hits you with a halberd!
You closely miss the gnoll. The gnoll hits you with a halberd!
You barely miss the gnoll. The gnoll barely misses you.
You hit the gnoll.
The gnoll is lightly wounded.
The gnoll hits you with a halberd!
You die...

##.#......#......#
##...#.#♣.♣.#
##.###.#..#####..#
##.##.##...# ##.###....#
#..#####....###..##
##........# #.........###
#.... ..........# #.#######.#
#.### #.####..#.# #.# #.# #.#
#.♣#♣#♣.#.# #.# #.# #.###
#.......#.# ###.### #.#
###.... ##♣#♣.♣#..###...@g#
#.###..P..#
#.###..##.###.#####.##.♣.P♣P.
♣.♣ ##(...# #.......#..P♣♣♣P.
#.###..##.###.######...P♣ ♣.
######.#..........# #..♣♣♣ ♣
#...##.)######...## #.÷.P♣ ♣.
#.#....## . #..PP♣♣♣..
#...#### ##.♣♣.PP.. ##.##
#######.....♣.


You could see a gnoll.

Vanquished Creatures
  An adder (D:2)
  A worm (D:1)
  3 dart slugs (D:1)
  4 goblins (D:1)
  3 hobgoblins (D:1)
  2 jackals (D:1)
  A frilled lizard (D:1)
  2 kobolds (D:1)
  A rat (D:2)
18 creatures vanquished.

Notes
Turn   | Place    | Note
-------+----------+-------------------------------------------
     0 | Abyss:1  | grindst0ne the Formicid Abyssal Knight began the quest for the Orb.
     0 | Abyss:1  | Reached XP level 1. HP: 18/18 MP: 2/2
   116 | Abyss:1  | Noticed a starcursed mass
   118 | D:1      | Escaped the Abyss
   396 | D:1      | Reached XP level 2. HP: 15/24 MP: 3/3
   533 | D:1      | Reached * piety under Lugonu
   691 | D:1      | Reached XP level 3. HP: 5/30 MP: 5/5
   987 | D:1      | You fall through a shaft!
  1132 | D:1      | Slain by a gnoll

Vault maps used:
D:1:      evilmike_arrival_run_for_it, serial_forest,
          infiniplex_forest_clump_curved, infiniplex_forest_zigzag_1,
          infiniplex_forest_straight_3, infiniplex_forest_lined_corner,
          infiniplex_forest_lined_corner, infiniplex_forest_clump_large,
          kennysheep_decorative_pillar
D:2:      zin_angel

Skill      XL: |  1  2  3 |
---------------+----------+-----
Invocations    | 3 |  3.0
Fighting       | |  3.8
Long Blades    | |  2.6
Armour         | |  2.1
Dodging        | |  0.8

Action                   || total
-------------------------++-------
Melee: Falchion          ||    65
Invok: Depart the Abyss  ||     1
 Abil: Dig               ||     2
  Eat: Chunk             ||     1
Armor: Leather armour    ||     9
Dodge: Dodged            ||    37
       Rpst.: Falchion   ||    11

Table legend:
 A = Spawn XP
 B = Non-spawn XP
 C = Spawn XP percentage of total XP
 D = Spawn monster count
 E = Non-spawn monster count
 F = Spawn count percentage of total count
 G = Total turns spent on level
                    A         B        C        D         E        F      G
               +---------+---------+-------+---------+---------+-------+---------
         Total |       0 |      52 |   0.0 |       0 |      18 |   0.0 |  1132
               +---------+---------+-------+---------+---------+-------+---------
           D:1 |       0 |      38 |   0.0 |       0 |      16 |   0.0 |   972
           D:2 |       0 |      14 |   0.0 |       0 |       2 |   0.0 |    42
               +---------+---------+-------+---------+---------+-------+---------
